Map: Lerilak Crest

Players

SticklerMac

  • Race: Zerg Zerg
  • League: Bronze

Fly - Winner!

  • Race: Zerg Zerg
  • League: Bronze

VOD

Have the link to the VOD?

Description

Time

  • Played on: Aug. 12, 2015, 10:27 a.m.
  • Length: 5:25
Show
View Real Time Build Order
Export as new Build Order

SticklerMac Zerg 

Build Orders: Pool First 

Get SALT Encoding   

  12  0:01  Drone  
  13  0:13  Overlord  
  13  0:18  Drone  
  14  0:33  Drone x2  
  16  0:45  Spawning Pool  
  16  0:49  Drone  
  16  0:54  Drone  
  17  0:58  Extractor  
  17  1:00  Drone  
  17  1:16  Drone  
  18  1:25  Drone  
  19  1:33  Queen  
  19  1:35  Zergling x2  
  22  2:10  Overlord  
  22  2:11  Overlord  
  21  2:29  Overlord  
  20  2:32  Zergling x2  
  20  2:33  Metabolic Boost  
  20  2:34  Zergling x2  
  20  2:36  Hatchery  
  21  2:50  Hatchery  
  20  2:53  Zergling x2  
  20  2:58  Zergling x2  
  22  3:09  Zergling x6  
  25  3:13  Drone  
  26  3:28  Drone x4  
  30  3:39  Drone  
  31  3:50  Drone x2  
  31  3:51  Drone  
  34  3:59  Baneling Nest  
  34  4:02  Roach Warren  
  32  4:14  Queen  
  35  4:26  Zergling x4  
  35  4:27  Zergling x2  
  31  4:33  Zergling x2  
  31  4:34  Zergling x4  
  31  4:38  Zergling x2  
  30  4:42  Zergling x2  
  31  4:50  Baneling x2  
  28  4:55  Baneling x3  
  28  4:56  Zergling x8  
  28  4:58  Zergling x2  
Show
View Real Time Build Order
Export as new Build Order

Fly Zerg - Winner!

Build Orders: Pool First 

Get SALT Encoding   

  12  0:18  Spawning Pool  
  11  0:22  Drone  
  11  0:26  Drone  
  13  0:35  Overlord  
  13  0:40  Drone  
  14  0:44  Extractor  
  14  0:45  Drone  
  14  0:54  Drone  
  15  1:05  Queen  
  17  1:15  Drone  
  18  1:18  Drone  
  19  1:28  Drone  
  20  1:53  Metabolic Boost  
  20  1:57  Zergling x2  
  21  2:11  Zergling x2  
  22  2:24  Hatchery  
  20  2:35  Zergling x2  
  21  2:38  Overlord  
  21  2:47  Spine Crawler  
  20  3:28  Zergling x2  
  20  3:29  Zergling x14  
  28  3:40  Queen  
  31  3:41  Zergling x2  
  31  4:02  Overlord  
  31  4:03  Overlord x2  
  31  4:05  Zergling x4  
  31  4:06  Zergling x2  
  31  4:07  Zergling x2  
  35  4:20  Queen  
  35  4:35  Zergling x12  
  35  4:36  Zergling x2  
Tags
 
Add a new tag
Caveats
  • Supply blocks, unpowered buildings, or Contaminate may cause inaccurate times.
  • Supply counts are checked every 10 seconds.